 Dungeon Crawl Stone Soup version 0.25-a0-290-g4a1327ee3a (webtiles) character file.

Game seed: 10109305784604275765, levelgen mode: deterministic

92 night the Grave Robber (level 4, -2/36 HPs)
             Began as a Deep Dwarf Necromancer on Dec 14, 2019.
             Slain by a gnoll
             ... wielding a +0 spear
              (5 damage)
             ... on level 3 of the Dungeon.
             The game lasted 00:07:08 (2691 turns).

night the Grave Robber (Deep Dwarf Necromancer)     Turns: 2691, Time: 00:07:08

Health: -2/36      AC:  2    Str: 12    XL:     4   Next: 35%
Magic:  5/8        EV: 12    Int: 16    God:
Gold:   58         SH:  0    Dex: 13    Spells: 1/9 levels left

rFire    . . .     SeeInvis .   m - +0 flail
rCold    . . .     Gourm    .   (no shield)
rNeg     . . .     Faith    .   a - +0 robe
rPois    .         Spirit   .   (no helmet)
rElec    .         Reflect  .   (no cloak)
rCorr    .         Harm     .   (no gloves)
MR       .....                  (no boots)
Stlth    ++........             (no amulet)
HPRegen  0.00/turn              (no ring)
MPRegen  0.11/turn              (no ring)

@: very slightly contaminated, non-regenerating
A: damage resistance, heal wounds, sense surroundings 1, no regeneration
a: Heal Wounds


You were on level 3 of the Dungeon.
You were hungry.

You visited 1 branch of the dungeon, and saw 3 of its levels.

You collected 58 gold pieces.

Inventory:

Hand Weapons
 m - a +0 flail (weapon)
Armour
 a - a +0 robe (worn)
Scrolls
 d - a scroll of fog {unknown}
 f - 2 scrolls of identify {unknown}
 g - 3 scrolls of remove curse {unknown}
 h - a scroll of magic mapping {unknown}
 j - a scroll of enchant armour {unknown}
Potions
 b - 3 potions of curing {unknown}
 e - a potion of ambrosia {unknown}
 i - a potion of might {unknown}
 k - a potion of agility {unknown}
Comestibles
 c - 7 rations


   Skills:
 - Level 2.1 Dodging
 - Level 2.4 Stealth
 + Level 3.0 Spellcasting
 + Level 5.5 Necromancy


You had one spell level left.
You knew the following spells:

 Your Spells              Type           Power        Failure   Level  Hunger
a - Pain                  Necr           ###.         1%          1    #......
b - Vampiric Draining     Necr           ###.......   6%          3    ###....
c - Animate Dead          Necr           N/A          19%         4    #####..

Your spell library contained the following spells:

 Spells                   Type           Power        Failure   Level  Hunger
 Animate Skeleton         Necr           N/A          1%          1    #......
 Regeneration             Chrm/Necr      Unusable     N/A         3    N/A

Dungeon Overview and Level Annotations

Branches:
Dungeon (3/15)

Altars:
Xom


Innate Abilities, Weirdness & Mutations

You are resistant to damage.
You can heal yourself by infusing magical energy.
You passively map a small area around you.
You do not regenerate.


Message History

You hit the quokka.
You kill the quokka!
The gnoll closely misses you. The gnoll hits you but does no damage.
The gnoll hits you from afar with a +0 spear.
The gnoll hits you with a +0 spear!
* * * LOW HITPOINT WARNING * * *
The gnoll closely misses you.
Things that are here:
a +0 ring mail; a cursed -2 dagger
Casting: Pain (safe; 1% risk of failure)
Confirm with . or Enter, or press ? or * to list all spells.
Aiming: Vampiric Draining (safe; 6% risk of failure)
Press: ? - help, Shift-Dir - straight line, f - gnoll
Aim: a gnoll, wielding a +0 spear You miscast Vampiric Draining.
You are very lightly contaminated with residual magic.
You feel very uncomfortable. The gnoll hits you with a +0 spear!
* * * LOW HITPOINT WARNING * * *
The gnoll hits you with a +0 spear.
You die...

, * , #. , , , .#.#
# ,, * .#.#.# * * .#
, , * , , .#.#.#.#
,#.# #.#.#.#.# #..##
,* ,, ,*
#.#.#.#.#.#.., .
#.#.#.#.#g# .#
#.#.#.<@#+#+#.#. , ,
#.#.#.#g......# * ,
* #.#.#'.......+
,#.#+#+#.#.#.......#
* , * *
#.#.....#.#.#.#+#+#.
#[.....'#.#.<.# , ,
* #.#.....#...#.#.#
, *
+.....+....#.#.#,* ,
#.....#.[.#.#.#.# ,


You could see 2 gnolls.

Vanquished Creatures
  2 gnolls
  An adder (D:2)
  An ooze (D:3)
  2 orcs
  14 giant cockroaches
  4 goblins
  7 hobgoblins
  3 kobolds
  A quokka (D:3)
  8 bats
  A frilled lizard (D:2)
  9 rats
53 creatures vanquished.

Notes
Turn   | Place    | Note
-------+----------+-------------------------------------------
     0 | D:1      | night the Deep Dwarf Necromancer began the quest for the
                  | Orb.
     0 | D:1      | Reached XP level 1. HP: 15/15 MP: 3/3
   206 | D:1      | Reached XP level 2. HP: 22/22 MP: 3/5
   581 | D:1      | Reached XP level 3. HP: 28/28 MP: 1/6
   586 | D:1      | Learned a level 3 spell: Vampiric Draining
   702 | D:1      | Reached skill level 5 in Necromancy
  2079 | D:2      | Reached XP level 4. HP: 36/36 MP: 1/8
  2170 | D:2      | Learned a level 4 spell: Animate Dead
  2326 | D:2      | Found a shimmering altar of Xom.
  2691 | D:3      | Slain by a gnoll

Levels and vault maps discovered:
D:1:      psy_arrival_dodecagon, layout_basic
D:2:      minmay_roachtagon, layout_basic, marbit_many_paths,
          serial_co_window_serial, co_window_paths_b, co_window_corner_a,
          co_window_paths_a, co_window_of_opportunity_a, co_window_paths_b,
          co_window_corner_cb, co_window_2corner, co_window_of_opportunity_c,
          co_window_2corner, co_window_of_opportunity_c, co_window_sun,
          glass_columns_a, glass_columns_b, glass_columns_b, glass_columns_a
D:3:      layout_basic, old_standard_altar, nicolae_qazlal_style_of_elements,
          first_ration, chequers_ecumenical_altar_grove,
          chequers_serial_rivers_room_a

Skill      XL: |  1  2  3  4 |
---------------+-------------+-----
Spellcasting   | 2 3 |  3.0
Necromancy     | 5 |  5.5
Dodging        | |  2.1
Stealth        | |  2.4

Action                   |  1- 3 |  4- 6 || total
-------------------------+-------+-------++-------
Melee: Unarmed           |     1 |     3 ||     4
       Flail             |       |     3 ||     3
 Cast: Pain              |    75 |    13 ||    88
       Vampiric Draining |       |     3 ||     3
 Abil: Heal Wounds       |       |     2 ||     2
  Eat: Chunk             |     4 |     2 ||     6
Armor: Robe              |     3 |     1 ||     4
Dodge: Dodged            |    13 |    18 ||    31

Table legend:
 A = Non-vault XP
 B = Vault XP
 C = Vault XP percentage of total XP
 D = Non-vault monster count
 E = Vault monster count
 F = Vault count percentage of total count
                 A         B        C        D         E       F
            +---------+---------+-------+---------+---------+-------
      Total |     108 |      24 |  18.2 |      41 |      12 |  22.6
            +---------+---------+-------+---------+---------+-------
        D:1 |      47 |       0 |   0.0 |      22 |       0 |   0.0
        D:2 |      49 |      24 |  32.9 |      16 |      12 |  42.9
        D:3 |      12 |       0 |   0.0 |       3 |       0 |   0.0
            +---------+---------+-------+---------+---------+-------
